 Dungeon Crawl Stone Soup version 0.24.0-125-gc4c63601f3 (webtiles) character file.

Game seed: 15013272380936863423, levelgen mode: deterministic

24081 Curus the Severer (level 12, -5/159 HPs)
             Began as a Minotaur Berserker on Feb 19, 2020.
             Was a High Priest of Trog.
             Slain by Xoinihunn's ghost (13 damage)
             ... on level 4 of the Lair of Beasts.
             The game lasted 00:42:40 (12681 turns).

Curus the Severer (Minotaur Berserker)             Turns: 12681, Time: 00:42:42

Health: -5/159     AC: 19    Str: 26    XL:     12   Next: 77%
Magic:  19/19      EV:  8    Int:  7    God:    Trog [*****.]
Gold:   747        SH:  0    Dex: 13    Spells: 11/11 levels left

rFire    . . .     SeeInvis +   R - +3 battleaxe (flame)
rCold    . . .     Gourm    .   (shield currently unavailable)
rNeg     . . .     Faith    .   k - +1 plate armour
rPois    .         Spirit   .   K - +1 hat
rElec    .         Reflect  .   s - scarf {repulsion}
rCorr    .         Harm     +   C - +0 pair of gloves
MR       +....                  J - +0 pair of boots
Stlth    ..........             t - amulet of harm
HPRegen  0.36/turn              q - ring of see invisible
MPRegen  0.16/turn              y - ring of protection from magic

@: berserking, repel missiles, very quick
A: retaliatory headbutt, horns 2, high mp 1, sense surroundings 1
a: Berserk, Trog's Hand, Brothers in Arms, Renounce Religion


You were on level 4 of the Lair of Beasts.
You worshipped Trog.
Trog was extremely pleased with you.
You were very hungry.

You visited 2 branches of the dungeon, and saw 14 of its levels.
You also visited: Ossuary.

You collected 747 gold pieces.

Inventory:

Hand Weapons
 a - a +4 hand axe
 I - a +3 battleaxe
 R - a +3 battleaxe of flaming (weapon)
Armour
 b - a +0 animal skin
 g - a +0 ring mail
 k - a +1 plate armour (worn)
 p - a +0 cloak
 s - a scarf of repulsion (worn)
 C - a +0 pair of gloves (worn)
 J - a +0 pair of boots (worn)
 K - a +1 hat (worn)
Jewellery
 o - an uncursed ring of wizardry
 q - a ring of see invisible (left hand)
 r - a -3 ring of strength
 t - an amulet of harm (around neck)
 y - a ring of protection from magic (right hand)
 G - an uncursed ring of attention
 N - an uncursed ring of teleportation
Wands
 m - a wand of acid (8)
 n - a wand of disintegration (40)
 u - a wand of digging (3)
 x - a wand of random effects (23)
 B - a wand of paralysis (21)
 D - a wand of enslavement (25)
 M - a wand of iceblast (14)
Scrolls
 f - 12 scrolls of identify
 h - 6 scrolls of remove curse
 i - 10 scrolls of teleportation
 v - 3 scrolls of fear
 H - a scroll of blinking
 L - 2 scrolls of magic mapping
Potions
 d - 3 potions of brilliance
 e - 6 potions of curing
 j - 3 potions of flight
 l - 4 potions of berserk rage
 w - 2 potions of agility
 z - a potion of haste
 E - 3 potions of might
 F - a potion of magic
 O - a potion of ambrosia
 P - a potion of invisibility
Comestibles
 c - 23 rations
 Q - a chunk of flesh


   Skills:
 - Level 10.3 Fighting
 + Level 18.1 Axes
 - Level 10.0 Armour
 - Level 2.1 Dodging
 - Level 8.4 Evocations


You had 11 spell levels left.
You didn't know any spells.
Your spell library was empty.

Dungeon Overview and Level Annotations

Branches:
Dungeon (9/15)             Temple (0/1) D:4            Lair (5/6) D:9
 Shoals (0/4) Lair:4       Spider (0/4) Lair:3      Ossuary (visited)
  Slime: Lair:5-6       Orc: D:9-12

Altars:
Ashenzari
Cheibriados
Elyvilon
Makhleb
Nemelex Xobeh
Qazlal
Trog
Wu Jian
Xom

Annotations:
Lair:4 Xoinihunn's ghost, journeyman MiFi


Innate Abilities, Weirdness & Mutations

You reflexively headbutt those who attack you in melee.
You have a pair of horns on your head.
You have an increased reservoir of magic. (+10% MP)
You passively map a small area around you.


Message History

Xoinihunn's ghost is heavily damaged.
Your deep troll bites Xoinihunn's ghost!
Your deep troll claws Xoinihunn's ghost but does no damage.
Your deep troll barely misses Xoinihunn's ghost.
Xoinihunn's ghost says, "Ah, a second chance to prove myself in battle!"
Xoinihunn's ghost barely misses your deep troll.
You catch the helpless Xoinihunn's ghost completely off-guard!
You hit Xoinihunn's ghost but do no damage.
Your headbutt misses Xoinihunn's ghost.
Xoinihunn's ghost is heavily damaged.
Xoinihunn's ghost hits you!
* * * LOW HITPOINT WARNING * * *
A red film seems to cover your vision as you go berserk!
You feel yourself moving faster!
You feel mighty!
You are feeling very hungry.
Your deep troll bites Xoinihunn's ghost but does no damage.
Your deep troll completely misses Xoinihunn's ghost.
Your deep troll claws Xoinihunn's ghost but does no damage.
Xoinihunn's ghost hits you!
You die...

..### #.### ####......###
#...###.#.# ##..........P#
#........### #............##
...........####.............##
...........##................###
...................<.........#.#
..................#...........##
..........####..............###
..........###...@............#
...........##.P.WT..........##
.............#..........#...#
.........................####
........................##
.........................##
...#....#.................#
....#####.............P...#
....###................####


You could see Xoinihunn's ghost and a friendly deep troll.

Vanquished Creatures
  Gastronok (Lair:1)
  Fannar (Lair:1)
  A catoblepas (Lair:5)
  A hydra (Lair:4)
  Pikel (D:4)
  A merfolk siren (Lair:4)
  5 elephants (Lair:3)
  4 spiny frogs
  2 rime drakes
  5 komodo dragons
  A troll (D:9)
  3 merfolk (Lair:4)
  Grinder (D:5)
  3 blink frogs (Lair:4)
  6 dream sheep (Lair:5)
  3 hippogriffs
  Sigmund (D:2)
  A wyvern (D:9)
  A basilisk (Lair:2)
  14 yaks
  A death yak simulacrum (Lair:4)
  A steam dragon (Lair:5)
  Edmund (D:5)
  2 wargs (D:9)
  6 water moccasins
  6 porcupines
  Duvessa (D:4)
  2 orc warriors
  3 ice beasts
  2 slaves (D:4)
  A black bear (D:8)
  2 black mamba simulacra (Lair:4)
  2 sky beasts
  2 phantoms
  3 ogres
  A necrophage (D:9)
  11 crocodiles
  14 wolves
  A centaur (D:7)
  3 big kobolds
  16 bullfrogs
  Blork the orc (D:5)
  Dowan (D:4)
  12 scorpions
  A dream sheep simulacrum (Lair:4)
  5 wights (D:8)
  A rime drake simulacrum (Lair:4)
  2 electric eels
  3 crimson imps
  5 howler monkeys
  4 hounds
  Crazy Yiuf (D:3)
  5 orc priests
  5 orc wizards
  A gnoll shaman (D:7)
  5 iguanas
  2 bullfrog skeletons
  8 worker ants
  4 big kobold zombies (Ossuary)
  2 hound skeletons
  3 mummies (Ossuary)
  A worker ant zombie (D:6)
  11 adders
  4 gnolls (D:8)
  A howler monkey skeleton (D:7)
  6 scorpion zombies (Ossuary)
  3 shadow imps
  2 oozes (D:3)
  An adder zombie (D:6)
  4 adder skeletons
  2 worms
  2 dart slugs (D:3)
  2 leopard geckos (D:4)
  28 orcs
  15 bats
  3 giant cockroaches
  2 gnoll zombies (Ossuary)
  7 goblins
  5 hobgoblins
  3 jackals (D:2)
  A quokka (D:2)
  2 ball pythons (D:2)
  2 frilled lizards
  A hobgoblin zombie (Ossuary)
  A jackal skeleton (D:4)
  A jackal zombie (D:6)
  13 kobolds
  2 leopard gecko skeletons
  2 orc zombies (Ossuary)
  3 rats
  2 fungi
  2 plants (Lair:3)
342 creatures vanquished.

Vanquished Creatures (collateral kills)
  A rime drake (Lair:4)
1 creature vanquished.

Vanquished Creatures (others)
  An ogre (D:7)
  A worker ant (D:7)
  A howler monkey zombie (D:7)
  A jackal (D:7)
  A frilled lizard (D:4)
  A fungus (Lair:3)
  A plant (Lair:5)
7 creatures vanquished.

Grand Total: 350 creatures vanquished

Notes
Turn   | Place    | Note
-------+----------+-------------------------------------------
     0 | D:1      | Curus the Minotaur Berserker began the quest for the Orb.
     0 | D:1      | Reached XP level 1. HP: 19/19 MP: 0/0
    85 | D:1      | Reached skill level 4 in Axes
   162 | D:1      | Reached XP level 2. HP: 26/26 MP: 1/1
   834 | D:2      | Reached skill level 5 in Axes
   841 | D:2      | Noticed Sigmund
   862 | D:2      | Killed Sigmund
   862 | D:2      | Reached skill level 7 in Axes
   862 | D:2      | Reached XP level 3. HP: 11/31 MP: 2/2
   862 | D:2      | Reached XP level 4. HP: 14/39 MP: 3/3
   862 | D:2      | Reached XP level 5. HP: 16/45 MP: 4/4
  1123 | D:2      | Reached ** piety under Trog
  1153 | D:2      | Found a burning altar of Makhleb.
  1324 | D:2      | Found a bloodstained altar of Trog.
  1483 | D:2      | Found an ornate altar of the Wu Jian Council.
  1487 | D:2      | Found a sparkling altar of Nemelex Xobeh.
  1487 | D:2      | Found a burning altar of Makhleb.
  1887 | D:3      | Reached skill level 8 in Axes
  2076 | D:3      | Reached XP level 6. HP: 43/51 MP: 5/5
  2093 | D:3      | You fall into a shaft and drop 3 floors!
  2112 | D:6      | Reached skill level 9 in Axes
  2319 | D:5      | Entered Level 5 of the Dungeon
  2343 | D:5      | Noticed Grinder
  2358 | D:5      | Killed Grinder
  2358 | D:5      | Reached skill level 10 in Axes
  2358 | D:5      | Reached XP level 7. HP: 57/57 MP: 6/6
  2444 | D:4      | Found a staircase to the Ecumenical Temple.
  2487 | D:3      | Found a snail-covered altar of Cheibriados.
  3202 | D:3      | Found a runed translucent door.
  3203 | D:3      | Noticed Crazy Yiuf
  3267 | D:3      | Killed Crazy Yiuf
  3481 | D:4      | Reached *** piety under Trog
  3481 | D:4      | Reached skill level 11 in Axes
  3774 | D:4      | Noticed Dowan
  3778 | D:4      | Noticed Duvessa
  3789 | D:4      | Killed Duvessa
  3789 | D:4      | Reached XP level 8. HP: 56/64 MP: 7/7
  3803 | D:4      | Noticed Pikel
  3805 | D:4      | Reached skill level 12 in Axes
  3806 | D:4      | Killed Dowan
  3817 | D:4      | HP: 3/64 [Pikel/+1 whip of freezing (3)]
  4196 | D:4      | Found a white marble altar of Elyvilon.
  4216 | D:4      | Found a snail-covered altar of Cheibriados.
  4217 | D:4      | Found a shattered altar of Ashenzari.
  4217 | D:4      | Found a stormy altar of Qazlal.
  4331 | D:4      | Killed Pikel
  4331 | D:4      | Reached skill level 13 in Axes
  4834 | D:5      | Identified a scroll of acquirement
  4849 | D:5      | Noticed Edmund
  4870 | D:5      | Noticed Blork the orc
  4872 | D:5      | Killed Edmund
  4891 | D:5      | Killed Blork the orc
  4896 | D:5      | Reached XP level 9. HP: 58/70 MP: 8/8
  5178 | D:6      | Reached skill level 14 in Axes
  5647 | D:6      | Reached skill level 5 in Fighting
  5846 | D:7      | Found a shimmering altar of Xom.
  5881 | D:7      | Reached skill level 5 in Armour
  5939 | D:7      | Reached **** piety under Trog
  6025 | D:7      | Gained mutation: Armour fits poorly on your strangely
                  | shaped body. [potion of mutation]
  6025 | D:7      | Lost mutation: Armour fits poorly on your strangely shaped
                  | body. [potion of mutation]
  6025 | D:7      | Gained mutation: You passively map a small area around you.
                  | [potion of mutation]
  6025 | D:7      | Gained mutation: You have an increased reservoir of magic.
                  | (+10% MP) [potion of mutation]
  6323 | D:7      | Found a sand-covered staircase.
  6327 | Ossuary  | Entered an ossuary
  6579 | Ossuary  | Reached ***** piety under Trog
  6582 | Ossuary  | Reached XP level 10. HP: 56/88 MP: 10/10
  7825 | D:9      | Reached skill level 10 in Fighting
  7873 | D:9      | Found a staircase to the Lair.
  7885 | D:9      | Reached skill level 10 in Armour
  7909 | Lair:1   | Entered Level 1 of the Lair of Beasts
  7976 | Lair:1   | Reached skill level 1 in Evocations
  8002 | Lair:1   | Noticed a spiny frog
  8013 | Lair:1   | Killed a spiny frog
  8079 | Lair:1   | Noticed Fannar
  8098 | Lair:1   | Killed Fannar
  8098 | Lair:1   | Reached XP level 11. HP: 37/100 MP: 11/13
  8394 | Lair:1   | Noticed Gastronok
  8406 | Lair:1   | Killed Gastronok
  8751 | Lair:2   | Reached skill level 15 in Axes
  8807 | Lair:2   | Reached skill level 5 in Evocations
  9870 | Lair:3   | Reached skill level 16 in Axes
  9958 | Lair:3   | Found a hole to the Spider Nest.
 10632 | Lair:4   | Reached XP level 12. HP: 106/106 MP: 17/17
 10647 | Lair:4   | Noticed a seven-headed hydra
 10649 | Lair:4   | Killed a seven-headed hydra
 10670 | Lair:4   | Noticed Xoinihunn's ghost (journeyman MiFi)
 11401 | Lair:4   | Found a staircase to the Shoals.
 11510 | Lair:4   | Found a runed translucent gate.
 11511 | Lair:4   | Found a runed translucent gate.
 11512 | Lair:4   | Found a runed translucent gate.
 12080 | Lair:5   | Noticed a catoblepas
 12092 | Lair:5   | Killed a catoblepas
 12092 | Lair:5   | Reached skill level 17 in Axes
 12487 | Lair:5   | Reached ****** piety under Trog
 12491 | Lair:5   | Received a gift from Trog
 12614 | Lair:4   | Reached skill level 18 in Axes
 12637 | Lair:4   | HP: 4/106 [Xoinihunn's ghost (9)]
 12680 | Lair:4   | HP: 5/106 [Xoinihunn's ghost (15)]
 12681 | Lair:4   | Slain by Xoinihunn's ghost

Levels and vault maps discovered:
D:1:      minmay_arrival_checkered_box, layout_loops_ring
D:2:      layout_basic, overflow_temple_1_default, grunt_temple_overflow_open,
          first_ration, bloody_makhleb, uniq_sigmund
D:3:      layout_basic, kennysheep_slug_shrine, uniq_crazy_yiuf_cottage
D:4:      layout_loops_ring, minitemple, minmay_temple_entry_overgrown,
          uniq_duvessa, uniq_pikel
D:5:      layout_rooms, uniq_grinder, uniq_blork_the_orc, uniq_edmund
D:6:      layout_basic
D:7:      layout_rooms, xom_confusion_cloud, enter_ossuary_5,
          kennysheep_nondescript
D:8:      layout_basic
D:9:      layout_roguey, erik_lair_orcish_takeover, david_orc_3
Lair:1:   layout_chaotic_city, uniq_gastronok, uniq_fannar
Lair:2:   layout_chaotic_city, grunt_megastairs_1
Lair:3:   layout_roguey, spider_nest_entry_web_field, serial_bayou_shore_a,
          lemuel_fruit_fields
Lair:4:   layout_cave_shapes, elwin_shoals_entry_stream, gammafunk_ghost_icy
Lair:5:   layout_roguey, serial_bayou_ford_a

Skill      XL: |  1  2  3  4  5  6  7  8  9 10 11 12 |
---------------+-------------------------------------+-----
Axes           | 4 7 8 10 11 13 14 16 18 | 18.1
Fighting       | 7 10 | 10.3
Armour         | 7 10 | 10.0
Evocations     | 2 7 8 |  8.4
Dodging        | |  2.1

Action                   |  1- 3 |  4- 6 |  7- 9 | 10-12 || total
-------------------------+-------+-------+-------+-------++-------
Melee: Hand axe          |    51 |   122 |   442 |    99 ||   714
       Headbutt          |     8 |    18 |    88 |    88 ||   202
       Battleaxe         |       |       |       |   341 ||   341
Invok: Berserk           |     1 |     2 |     5 |     7 ||    15
       Trog's Hand       |       |     1 |       |     2 ||     3
       Brothers in Arms  |       |       |       |     2 ||     2
Evoke: Wand              |       |       |     2 |     4 ||     6
  Use: Scroll            |     5 |     2 |     8 |     9 ||    24
       Potion            |     3 |     1 |     6 |     5 ||    15
 Stab: Invisible         |       |       |     1 |       ||     1
       Distracted        |       |       |       |     1 ||     1
  Eat: Chunk             |       |     4 |    13 |    21 ||    38
       Ration            |       |     1 |     2 |     1 ||     4
Armor: Animal skin       |    12 |       |       |       ||    12
       Ring mail         |     5 |    14 |       |       ||    19
       Plate armour      |       |    34 |   191 |   264 ||   489
Dodge: Dodged            |    29 |    45 |    97 |   147 ||   318
       Deflected         |       |       |     2 |     5 ||     7
